[Event "Croatian 1A League 2022"]
[Site "Porec"]
[Date "2022.09.29"]
[Round "6.21"]
[White "Leventic, Ivan"]
[Black "Palac, Mladen"]
[Result "0-1"]
[ECO "B55"]
[WhiteElo "2384"]
[BlackElo "2516"]
[Annotator "TA"]
[PlyCount "68"]
[EventDate "2022.09.24"]
[EventType "team-tourn"]
[EventCountry "CRO"]
[SourceTitle "playchess.com"]
[Source "ChessBase"]
[SourceQuality "1"]
[TimeControl "40/5400+30:1800+30"]

1. e4 c5 2. Nf3 d6 3. d4 cxd4 4. Nxd4 Nf6 5. f3 e5 6. Bb5+ Nbd7 7. Nf5 d5 8. exd5 a6 9. Ba4 b5 10. Bb3 a5 {[%emt 0:00:17][%mdl 1024] [#] Strongly threatening ...a4. Black has compensation. B55: Sicilian: 2...d6 3 d4 cxd4 4 Nxd4 Nf6 5 f3.} 11. c3 Nb6 12. Qd3 {[%emt 0:06:35] [#]} g6 $146 {[%emt 0:31:11] Black is slightly better.} ({Predecessor:} 12... a4 13. Bc2 Qxd5 14. Qe2 Bxf5 15. Bxf5 Be7 16. Bg5 Rd8 17. O-O O-O 18. Re1 Nc4 {½-½ (44) Riha,J (2041)-Cristancho,F (2079) FICGS email 2010}) 13. Ne3 (13. Qxb5+ $2 Bd7 14. Qe2 Bxf5 $19) 13... a4 14. Bc2 (14. Qxb5+ $2 Bd7 15. Qd3 axb3 $19) 14... Ba6 15. b4 Nbxd5 16. Nxd5 Nxd5 17. O-O Bg7 18. Kh1 O-O 19. Rd1 Nf4 20. Qf1 Qc7 21. Bb2 Rad8 {[%emt 0:06:52] Black is more active.} 22. Na3 Nd5 {[%emt 0:01:56][%cal Bf4d5,Bd5b4,Bb4c2][%mdl 32] And now ...Ne3 would win.} 23. Rd3 {[%emt 0:02:59] Against Ne3. Now White is beyond hope.} (23. Nxb5 $2 Qe7 24. c4 (24. Bxa4 $2 Ne3 $19) 24... Ne3 $19) (23. Re1 $17) 23... e4 $19 24. fxe4 Nxb4 {[%emt 0:00:09][%mdl 64] [#] Discovered Attack} (24... Bxc3 25. Rxc3 Nxc3 26. Qf6 $14) (24... Nxc3 25. Rf3 $17) 25. Rf3 Nxc2 26. Nxc2 Bb7 27. Re3 (27. Rf2 $142) 27... Rd2 28. Re2 Rxe2 29. Qxe2 Re8 30. Qxb5 (30. Rd1 $142 Rxe4 31. Qd3) 30... Rxe4 {[%emt 0:00:04] ( -> ...Rh4). Black is clearly winning.} 31. Re1 Rxe1+ ({Wrong is} 31... Rh4 $2 32. Re8+ Bf8 33. Qe5 Qxe5 34. Rxe5 $19) 32. Nxe1 Qe7 {[%emt 0:00:01] Inhibits Qe8+.} 33. Nf3 (33. Qf1 $142 Qe3 34. Ba3) 33... Bxf3 ({But not} 33... Qe4 $2 34. Ba3 $19) 34. gxf3 a3 {[%emt 0:00:01] Weighted Error Value: White=0.46/Black=0.10 (very precise)} ({Don't go for} 34... Qe1+ $2 35. Kg2 Qb1 36. Qb8+ Bf8 37. a3 $19) 0-1

[Event "Croatian 1A League 2022"]
[Site "Porec"]
[Date "2022.09.29"]
[Round "6.22"]
[White "Petkov, Vladimir"]
[Black "Zivkovic, Vjekoslav"]
[Result "1-0"]
[ECO "E49"]
[WhiteElo "2451"]
[BlackElo "2364"]
[Annotator "TA"]
[PlyCount "81"]
[EventDate "2022.09.24"]
[EventType "team-tourn"]
[EventCountry "CRO"]
[SourceTitle "playchess.com"]
[Source "ChessBase"]
[SourceQuality "1"]
[TimeControl "40/5400+30:1800+30"]

1. d4 Nf6 2. c4 e6 3. Nc3 Bb4 4. e3 O-O 5. Bd3 d5 6. a3 Bxc3+ 7. bxc3 c5 8. cxd5 exd5 9. Ne2 Bg4 10. f3 {[%emt 0:21:24] E49: Nimzo-Indian: Rubinstein: 5 Bd3 d5 6 a3 Bxc3+ 7 bxc3.} Bh5 11. g4 ({Of course not} 11. dxc5 Nbd7 $11) (11. Rb1 $14) 11... Bg6 $11 {[%emt 0:02:24] [#]} 12. h4 $146 {[%emt 0:06:27] The position is equal.} ({Predecessor:} 12. Ng3 Qa5 13. Bxg6 fxg6 14. Bd2 Nbd7 15. O-O Rae8 16. c4 Qa6 17. g5 Nh5 18. Nxh5 gxh5 19. cxd5 cxd4 {1-0 (36) Hess,R-Scheipl,R (2350) Bad Pyrmont 1976}) 12... Bxd3 13. Qxd3 Nc6 14. Nf4 c4 15. Qc2 Ne8 16. Rb1 Rb8 17. g5 b5 18. O-O Nc7 19. e4 (19. Qf5 {keeps more tension.} a5 20. h5 Ne7 21. Qh3) 19... a5 20. Qf2 Qd7 (20... Re8 $5 ) 21. Ne2 (21. Nh5 $15) 21... b4 $17 22. axb4 axb4 23. Bf4 b3 24. Qg3 Rb7 25. Bxc7 Rxc7 26. Nf4 Ne7 ({Reject} 26... dxe4 $6 27. fxe4 Qd6 28. h5 $11) 27. h5 Ra7 (27... Rb7 $17) 28. h6 $11 g6 29. Rfe1 ({Better is} 29. Ng2 $1 $15) 29... dxe4 (29... Qd6 $17 30. Kh2 Ra2+ 31. Re2 Rfa8) 30. fxe4 $15 Ra2 (30... Ra6 $17) 31. Ng2 $1 $11 f6 32. Rf1 Qe6 (32... f5 $1 $11) 33. gxf6 $18 Rxf6 (33... Nc6 34. e5 Rc2) 34. Qb8+ Kf7 {[%emt 0:00:54] [#]} 35. Rxf6+ $1 ({Worse is} 35. Qh8 {[#]} Rxg2+ $1 36. Kxg2 Qxe4+ 37. Kh2 Qh4+ 38. Kg2 Qg5+ 39. Kh2 Qd2+ 40. Kg1 Qg5+ 41. Kh2 Qxh6+ 42. Kg1 Rxf1+ 43. Rxf1+ Nf5 $17) 35... Qxf6 36. Rf1 Qxf1+ 37. Kxf1 b2 38. Ne1 {[%emt 0:00:31] Black must now prevent Nf3.} g5 39. d5 Ng6 40. Qb7+ Kf6 41. Qg7# {[%emt 0:00:27] Weighted Error Value: White=0.17 (very precise) /Black=0.55} 1-0

[Event "Croatian 1A League 2022"]
[Site "Porec"]
[Date "2022.09.29"]
[Round "6.23"]
[White "Medak, Bojan"]
[Black "Zelcic, Robert"]
[Result "0-1"]
[ECO "B11"]
[WhiteElo "2353"]
[BlackElo "2495"]
[Annotator "TA"]
[PlyCount "74"]
[EventDate "2022.09.24"]
[EventType "team-tourn"]
[EventCountry "CRO"]
[SourceTitle "playchess.com"]
[Source "ChessBase"]
[SourceQuality "1"]
[TimeControl "40/5400+30:1800+30"]

1. e4 c6 2. Nc3 d5 3. Nf3 Bg4 4. h3 Bxf3 5. Qxf3 e6 6. d3 Nf6 7. Bd2 Bb4 8. O-O-O {[%emt 0:07:40] B11: Caro-Kann: Two Knights Variation.} d4 9. Nb1 Bxd2+ 10. Nxd2 {[%emt 0:00:26] The position is equal.} c5 11. g4 Nc6 12. g5 Nd7 13. h4 {[%emt 0:02:24] [#]} h6 $146 ({Predecessor:} 13... Qe7 14. Qg3 e5 15. Bh3 Nf8 16. f4 exf4 17. Qxf4 Ne6 18. Qf5 g6 19. Qf2 O-O {1-0 (49) Gavilan Diaz,M (2250)-Camacho Calle,P (2086) Seville 2015}) 14. Bh3 Qe7 15. Qg3 O-O-O 16. Nc4 {[%emt 0:04:34] aiming for Nd6+.} Nb6 17. e5 Nxc4 18. dxc4 hxg5 19. hxg5 g6 20. f4 Qc7 21. Bg4 Rxh1 22. Rxh1 d3 23. c3 {[%emt 0:01:39] Against Nb4} d2+ 24. Kb1 (24. Kc2 $1 $11 {remains equal.}) 24... Na5 $1 $17 25. b3 Qb6 {[%emt 0:01:23] Black is more active.} (25... Qc6 $1 $17 26. Bf3 Qb6) 26. Kc2 $1 $11 Qa6 27. Qe3 {[%emt 0:06:32] [#]} ({White should play} 27. Qf2 $11) 27... Nxc4 $1 $15 28. Qxc5+ Kb8 {[%emt 0:00:02] Dancing on a razor blade.} 29. a4 $2 {[%emt 0:00:18] [#]} (29. Kb1 $15 Nb6 30. c4) 29... Nb6 $2 (29... Qc6 $1 $19 {[%cal Rc6e4] ( -> ...Qe4+)} 30. Qxc6 Ne3+ 31. Kb1 bxc6) 30. c4 $1 $40 {[%emt 0:05:41][%mdl 128] Strongly threatening Qe7. Black needs to defend precisely.} Nd5 {[%emt 0:05:03][%cal Bb6d5,Bd5f4,Bf4d3,Bd3c5,Bc5e4][%mdl 32] Against Qe7. ...b6 is the strong threat.} 31. Kxd2 ({Don't play} 31. cxd5 Rc8 32. Qxc8+ Kxc8 $17) 31... Nxf4+ 32. Kc2 {[%emt 0:06:25] [#]} (32. Ke3 $1 $11 Nd3 33. Qb5 Qxb5 34. axb5 Nxe5 35. Be2) 32... Nd3 $1 $17 33. Qe7 (33. Qb5 $15) 33... Qb6 $19 34. c5 Nxc5 35. Rh3 Ne4 36. Be2 Rd2+ 37. Kc1 Qg1+ {[%emt 0:00:09] Weighted Error Value: White=0.93/Black=0.22 (precise)} 0-1

[Event "Croatian 1A League 2022"]
[Site "Porec"]
[Date "2022.09.29"]
[Round "6.24"]
[White "Jankovic, Alojzije"]
[Black "Mrkonjic, Nenad"]
[Result "1/2-1/2"]
[ECO "E13"]
[WhiteElo "2548"]
[BlackElo "2347"]
[Annotator "TA"]
[PlyCount "81"]
[EventDate "2022.09.24"]
[EventType "team-tourn"]
[EventCountry "CRO"]
[SourceTitle "playchess.com"]
[Source "ChessBase"]
[SourceQuality "1"]
[TimeControl "40/5400+30:1800+30"]

1. d4 Nf6 2. c4 e6 3. Nc3 Bb4 4. Nf3 b6 5. Bg5 Bb7 6. Nd2 h6 7. Bh4 Nc6 {[%emt 0:03:23] E13: Queen's Indian/Nimzo-Indian hybrid: 4 Nc3 Bb7 5 Bg5 h6 6 Bh4 Bb4.} 8. e3 Ne7 9. Bxf6 gxf6 {[%emt 0:00:11] White has an edge.} 10. Qc2 f5 11. a3 Bxc3 12. Qxc3 Ng6 {[%emt 0:00:34] [#]} 13. O-O-O $146 ({Predecessor:} 13. f3 Qh4+ 14. g3 Qf6 15. c5 h5 16. Bb5 Ne7 17. cxb6 Nd5 18. Qd3 axb6 19. e4 fxe4 20. Nxe4 {0-1 (45) Margvelashvili,G (2556)-Moradiabadi,E (2559) Houston 2013}) 13... h5 14. d5 {[%emt 0:04:53] And now dxe6 would win.} Qe7 15. Nb3 h4 16. Be2 O-O-O 17. Nd4 f4 18. Nb5 c6 19. dxc6 ({But not} 19. Nxa7+ $2 Kb8 20. c5 Qxc5 21. Qxc5 bxc5 22. Nxc6+ dxc6 $19) (19. c5 $5) 19... dxc6 20. Nd4 c5 21. Nf3 e5 22. Rhg1 (22. Rxd8+ $15 Rxd8 23. Rd1) 22... a5 (22... e4 $17 23. Ne1 Rxd1+ 24. Bxd1 Qg5) 23. Nd2 f5 (23... e4 $17) 24. g3 fxg3 25. fxg3 hxg3 26. Rxg3 Rd6 (26... Rxh2 27. Rxg6 Rxe2 28. Rxb6 $11) ({Black should try} 26... Rh6 $15 27. Nf3 Rxd1+ 28. Bxd1 e4) 27. Nf1 (27. Rdg1 $1 $11 {remains equal.} Nh4 28. Nf3) 27... Rxd1+ 28. Bxd1 Qf6 29. Bc2 Ne7 30. Kb1 Rh4 31. Rg1 Qd6 (31... Qe6 $15 {should be considered.}) 32. Ka1 Kb8 33. Ng3 Bc8 34. Nf1 (34. Rf1 $11) 34... Qe6 35. Bd3 Bb7 36. Rg7 Qf6 37. Rg3 Ka7 38. Rg1 f4 39. exf4 Qxf4 ({Don't play} 39... Rxf4 $6 40. Ne3 $15) 40. Rg7 Qf6 41. Rg3 {[%emt 0:02:44] Weighted Error Value: White=0.23 (precise) /Black=0.15 (very precise)} ({Better is} 41. Rg1) 1/2-1/2

[Event "Croatian 1A League 2022"]
[Site "Porec"]
[Date "2022.09.29"]
[Round "6.25"]
[White "Vavulin, Maxim"]
[Black "Kadric, Denis"]
[Result "1/2-1/2"]
[ECO "C42"]
[WhiteElo "2550"]
[BlackElo "2561"]
[Annotator "TA"]
[PlyCount "122"]
[EventDate "2022.09.24"]
[EventType "team-tourn"]
[EventCountry "CRO"]
[SourceTitle "playchess.com"]
[Source "ChessBase"]
[SourceQuality "1"]
[TimeControl "40/5400+30:1800+30"]

1. e4 e5 2. Nf3 Nf6 3. Nxe5 d6 4. Nf3 Nxe4 5. c4 Nc6 6. Nc3 Nxc3 7. dxc3 g6 $1 {[%emt 0:00:07][%mdl 4] is currently scoring better than 7...Be7. C42: Petroff Defence: 3 Nxe5 and unusual White 3rd moves.} 8. Bg5 Be7 9. Bh6 Bf8 10. Bg5 Be7 11. Bh6 Bf8 12. Qd2 {[%emt 0:00:07] [#]} Qe7+ $146 ({Predecessor:} 12... Bg4 13. Bxf8 Kxf8 14. Be2 Kg7 15. O-O Re8 16. h3 Bd7 17. Nd4 Nxd4 18. cxd4 Qf6 19. Bf3 c6 20. Qc3 Re7 {½-½ (63) Jones,G (2677)-Lenderman,A (2630) Chess.com INT 2018}) 13. Be2 $1 {[%emt 0:00:32] Active counter play!} Bxh6 14. Qxh6 Bd7 15. O-O-O O-O-O (15... Qxe2 $2 16. Rhe1 Qxe1 17. Rxe1+ Be6 18. Ng5 $18) 16. Rhe1 Qf6 17. c5 dxc5 18. Qg5 Qe6 (18... Qf5 {seems wilder.} 19. Bb5 Qxg5+ 20. Nxg5 Rhe8) 19. b3 $1 f6 20. Qxc5 Qe7 21. Qxe7 Nxe7 22. Nd4 Nf5 23. Bf3 Rde8 24. Nxf5 Bxf5 25. g4 Bd7 26. Rxe8+ Bxe8 $11 {[%emt 0:00:11][%mdl 4096] Endgame KRB-KRB} 27. g5 Bc6 28. Bg4+ f5 29. Be2 h6 30. h4 hxg5 31. hxg5 b5 32. Rd2 Rh1+ 33. Kc2 Rh2 34. Bd3 Rh4 35. Be2 {[%emt 0:01:47] Inhibits Rg4.} Rf4 36. f3 Rh4 (36... Bxf3 $15 37. Bxb5 Rg4) 37. Rd4 {[%emt 0:00:29] The position is equal.} Rh2 38. Kd3 Rg2 39. f4 a6 40. b4 Be4+ 41. Ke3 Rg3+ 42. Kd2 Rg1 43. c4 Bc6 44. cxb5 axb5 45. Rd3 Ra1 46. a3 Kb7 47. Ke3 Kb6 48. Kd4 Re1 49. Ke3 {[%emt 0:12:29] [#] Strongly threatening Rd1.} Ra1 50. Rc3 Be4 51. Kd4 Re1 52. Ke3 c6 53. Kd2 Rh1 54. Ke3 Rh4 55. Bd1 Bd5 56. Be2 Kc7 57. Bd1 Kd6 58. Be2 Be4 59. Bd1 Bd5 60. Be2 Be4 61. Bd1 Bd5 {[%emt 0:02:08] Weighted Error Value: White=0.04 (flawless) /Black=0.03 (flawless)} 1/2-1/2

[Event "Croatian 1A League 2022"]
[Site "Porec"]
[Date "2022.09.29"]
[Round "6.26"]
[White "Saric, Ibro"]
[Black "Fercec, Nenad"]
[Result "1/2-1/2"]
[ECO "A50"]
[WhiteElo "2542"]
[BlackElo "2403"]
[Annotator "TA"]
[PlyCount "60"]
[EventDate "2022.09.24"]
[EventType "team-tourn"]
[EventCountry "CRO"]
[SourceTitle "playchess.com"]
[Source "ChessBase"]
[SourceQuality "1"]
[TimeControl "40/5400+30:1800+30"]

1. Nf3 Nf6 2. c4 b6 3. g3 Bb7 4. Bg2 g6 5. O-O Bg7 6. d4 e6 7. Nc3 O-O 8. Qc2 {[%emt 0:00:56] A50: Queen's Fianchetto Defence (1 d4 Nf6 2 c4 b6).} d5 9. cxd5 exd5 10. Ne5 c6 11. Bg5 h6 12. Bxf6 Bxf6 {[%emt 0:00:14] [#]} 13. f4 $146 ({Predecessor:} 13. e4 Bxe5 14. dxe5 d4 15. Rad1 c5 16. Nd5 Nc6 17. f4 Kg7 18. h4 h5 19. Rf2 {1-0 (30) Rakhmanov,A (2615)-Gadimbayli,A (2414) Konya 2019}) 13... Nd7 14. Rad1 {[%emt 0:06:28] Hoping for e4.} Bg7 15. e4 Nf6 16. exd5 cxd5 17. Rfe1 Qd6 18. Bf3 a6 19. Qb3 Rab8 20. a3 (20. Na4 $5 ) 20... Rfd8 21. Kg2 h5 22. Rc1 Bf8 (22... b5 $11) 23. Rc2 b5 24. Na2 Rbc8 {[%emt 0:02:20] The position is equal.} 25. Rec1 Rxc2+ 26. Rxc2 Qb6 27. Qe3 Rc8 28. Rxc8 Bxc8 29. Nb4 Qe6 30. Qc3 {[%emt 0:01:49] Active counter play!} Bxb4 {[%emt 0:07:41] Weighted Error Value: White=0.12 (very precise) /Black=0.11 (very precise)} 1/2-1/2

[Event "Croatian 1A League 2022"]
[Site "Porec"]
[Date "2022.09.29"]
[Round "6.27"]
[White "Krsnik Cohar, Ivan Vihor"]
[Black "Saric, Ante"]
[Result "0-1"]
[ECO "B20"]
[WhiteElo "2296"]
[BlackElo "2510"]
[Annotator "TA"]
[PlyCount "72"]
[EventDate "2022.09.24"]
[EventType "team-tourn"]
[EventCountry "CRO"]
[SourceTitle "playchess.com"]
[Source "ChessBase"]
[SourceQuality "1"]
[TimeControl "40/5400+30:1800+30"]

1. e4 c5 2. g3 d5 3. exd5 Qxd5 4. Nf3 Nc6 5. Bg2 Qe6+ 6. Kf1 g6 {[%emt 0:00:48] B20: Sicilian: Unusual White 2nd moves.} 7. d3 Bg7 8. Nc3 Nf6 {[%emt 0:04:00] Black has an edge.} 9. Be3 b6 $1 10. Qd2 Bb7 11. Re1 Qd7 12. Bh6 O-O 13. Bxg7 Kxg7 {[%emt 0:00:11] [#]} 14. Ne4 $146 {[%emt 0:04:57] Black converts the advantage convincingly.} ({Predecessor:} 14. Qf4 Nd4 15. Nxd4 Bxg2+ 16. Kxg2 cxd4 17. Ne4 Nd5 18. Qd2 e5 19. c4 dxc3 20. bxc3 {1-0 (51) Munoz Pantoja,M (2476)-Wittmann,W (2302) Budapest 2010}) 14... Nxe4 15. Rxe4 f6 {[%emt 0:08:11] Against Ne5} 16. Rh4 {[%emt 0:04:47] Black must now prevent Qh6+.} Rf7 17. Qh6+ Kg8 18. Qe3 {[%emt 0:00:03] [#]} (18. Qc1 $17) 18... e5 $1 $19 19. Ne1 Rd8 20. Bxc6 Bxc6 ({Don't go for} 20... Qxc6 $2 21. f3 $19) 21. f3 f5 {[%emt 0:00:34] Threatens to win with ...e4.} 22. Kf2 (22. Kg2 {was the only defense.}) 22... e4 {[%emt 0:03:43] ...exf3 is the strong threat.} 23. Rf1 Bb5 (23... Re8 $142 {aiming for ...exf3.} 24. Qc1 exf3 25. Nxf3 Bxf3 26. Kxf3 Rfe7) 24. dxe4 (24. a4 {was worth a try.} Ba6 25. Kg1) 24... Qd2+ 25. Qxd2 Rxd2+ 26. Kg1 Bxf1 27. Kxf1 fxe4 28. Rxe4 Rxh2 {[%emt 0:00:17][%mdl 4096] Endgame KRR-KRN} 29. b4 (29. Kg1 $142 Rd2 30. Kf1) 29... cxb4 {[%emt 0:00:41] Black is clearly winning.} 30. Kg1 Rd2 31. Rxb4 Re7 {[%emt 0:00:18][%cal Re7e1] [#]} 32. Rb1 Re3 33. Kf1 h5 {[%emt 0:00:25] Hoping for ...g5.} 34. a4 Kf7 35. a5 bxa5 36. c4 a4 {[%emt 0:01:00] Weighted Error Value: White=0.70/Black=0.14 (very precise)} 0-1

[Event "Croatian 1A League 2022"]
[Site "Porec"]
[Date "2022.09.29"]
[Round "6.28"]
[White "Plenca, Julijan"]
[Black "Franic, Milan"]
[Result "1-0"]
[ECO "B42"]
[WhiteElo "2447"]
[BlackElo "2365"]
[Annotator "TA"]
[PlyCount "79"]
[EventDate "2022.09.24"]
[EventType "team-tourn"]
[EventCountry "CRO"]
[SourceTitle "playchess.com"]
[Source "ChessBase"]
[SourceQuality "1"]
[TimeControl "40/5400+30:1800+30"]

1. e4 c5 2. Nf3 e6 3. d4 cxd4 4. Nxd4 a6 5. Bd3 Ne7 6. O-O Nbc6 7. c3 {[%emt 0:02:42] B42: Sicilian: Kan Variation: 5 Bd3.} g6 8. Bg5 Bg7 9. Nxc6 {[%emt 0:01:19] [#] White has an edge.} dxc6 $146 (9... bxc6 $11 10. Nd2 O-O) ({Predecessor:} 9... bxc6 10. Qe2 d6 11. Nd2 O-O 12. Nf3 h6 13. Be3 e5 14. Rad1 Bg4 15. h3 Bxf3 16. Qxf3 {½-½ (41) Szostko,J (2295)-Balasubramaniam,H (2219) Warsaw 2018}) 10. Qe2 O-O 11. Nd2 Qc7 12. a4 b6 13. Nc4 b5 14. Ne3 Rb8 15. f4 f6 16. Bh4 Rf7 17. c4 (17. axb5 $16 cxb5 18. f5) 17... bxa4 (17... f5 $5 ) 18. c5 $36 {[%emt 0:03:11][%mdl 2048] White has good play.} (18. f5 {is interesting.} Qb6 19. Bg3 Rb7 20. c5) 18... Qa7 (18... f5 $1 $11 {remains equal.}) 19. Bf2 {[%emt 0:02:44] White is more active.} f5 {[%emt 0:00:14] [#] Strongly threatening ...fxe4.} 20. Nc4 (20. e5 $14) 20... fxe4 $11 21. Bxe4 Nd5 22. g3 Rb4 23. Qc2 e5 (23... a5 $11 {and Black has nothing to worry.}) 24. Nd6 $18 Bh3 25. Nxf7 (25. Rfe1 $16) 25... Qxf7 $11 26. Rxa4 {[%emt 0:03:46] Hoping for Re1.} exf4 27. Rb1 fxg3 (27... Ne3 $11 {keeps the balance.} 28. Bxe3 Rxa4 29. Qxa4 fxe3 30. Qxc6 (30. Qxa6 $2 Qf2+ 31. Kh1 e2 $19) 30... Qf2+ 31. Kh1 e2 32. Bd5+ Kh8 33. Qe8+ Bf8 34. Qe5+ Bg7 35. Qe8+ Bf8 36. Qe5+ Bg7 37. Qe8+) 28. hxg3 $16 Rxe4 (28... Qe6 $16 {was necessary.}) 29. Qxe4 $18 {[%emt 0:00:20] Black must now prevent Re1.} ({But not} 29. Rxe4 $6 Qf3 30. Re8+ Kf7 $16) 29... Bf5 30. Qe1 Bxb1 31. Qxb1 Qf3 {[%emt 0:00:14] [#]} (31... Qb7 {keeps fighting.}) 32. Qe1 $1 ({Not} 32. Rxa6 Ne3 33. Ra8+ Kf7 34. Ra7+ Kg8 35. Bxe3 Qxe3+ 36. Kh1 Qf3+ 37. Kh2 Qe2+ 38. Kh3 Qh5+ 39. Kg2 Qe2+ 40. Kh3 Qh5+ 41. Kg2 Qe2+ 42. Kh3 $11) 32... Bxb2 33. Rxa6 (33. Qe6+ $142 Kg7 34. Rxa6) 33... Nf6 $2 (33... Nc7) 34. Qe6+ Kg7 35. Qe7+ Kh6 36. Qe3+ Qxe3 37. Bxe3+ Kh5 38. Rxc6 {[%emt 0:00:32] And now Rb6 would win.} Ne4 39. Rb6 {[%emt 0:00:46] c6 would kill now.} Be5 40. Re6 {[%emt 0:00:00] Weighted Error Value: White=0.31/Black=0.56} 1-0

[Event "Croatian 1A League 2022"]
[Site "Porec"]
[Date "2022.09.29"]
[Round "6.29"]
[White "Glavas, Dragan"]
[Black "Plenca, Jadranko"]
[Result "0-1"]
[ECO "E49"]
[WhiteElo "2249"]
[BlackElo "2412"]
[Annotator "TA"]
[PlyCount "52"]
[EventDate "2022.09.24"]
[EventType "team-tourn"]
[EventCountry "CRO"]
[SourceTitle "playchess.com"]
[Source "ChessBase"]
[SourceQuality "1"]
[TimeControl "40/5400+30:1800+30"]

1. d4 Nf6 2. c4 e6 3. Nc3 Bb4 4. e3 O-O 5. Bd3 d5 6. a3 Bxc3+ 7. bxc3 c5 8. Ne2 b6 9. cxd5 exd5 10. O-O Ba6 11. Bxa6 {[%emt 0:06:10] E49: Nimzo-Indian: Rubinstein: 5 Bd3 d5 6 a3 Bxc3+ 7 bxc3.} Nxa6 {[%emt 0:00:35] [#]} 12. dxc5 $146 (12. Qd3 $14 c4 13. Qc2) ({Predecessor:} 12. Qd3 Qc8 13. f3 Re8 14. Ng3 h5 15. e4 h4 16. Nf5 dxe4 17. fxe4 Nxe4 18. Bh6 gxh6 19. Nxh6+ Kg7 20. Nf5+ Kf8 21. Qf3 {1-0 (31) Grischuk,A (2745)-Kravtsiv,M (2598) Chess.com INT 2022}) 12... Nxc5 $15 13. a4 {[%emt 0:05:52] Black is slightly better.} Rc8 14. Ba3 Qd7 15. a5 bxa5 16. Bxc5 ({White should play} 16. Nc1 $15) 16... Rxc5 $17 17. Ra3 Rfc8 (17... Qc7 {feels hotter.} 18. Qa4 Ne4 19. Rb1 Rc8) 18. Qa1 Qc7 19. h3 Ne4 20. Rd1 h6 {[%emt 0:03:52] Black is more active.} 21. Rd4 Rb8 22. Rda4 $2 (22. Rd1 $17) 22... Rcb5 $19 {[%emt 0:01:31] [#] And now ...Rb1+ would win. Black is clearly winning.} 23. Qe1 Rb1 24. Nc1 R8b2 25. Ra2 Rxa2 26. Rxa2 Qxc3 {[%emt 0:00:06] White did not feel at home in the position after the opening.  Weighted Error Value: White=0.54/Black=0.17 (very precise)} 0-1

[Event "Croatian 1A League 2022"]
[Site "Porec"]
[Date "2022.09.29"]
[Round "6.30"]
[White "Cotic, Borna"]
[Black "Rubil, Marko"]
[Result "1/2-1/2"]
[ECO "C47"]
[WhiteElo "2133"]
[BlackElo "2270"]
[Annotator "TA"]
[PlyCount "125"]
[EventDate "2022.09.24"]
[EventType "team-tourn"]
[EventCountry "CRO"]
[SourceTitle "playchess.com"]
[Source "ChessBase"]
[SourceQuality "1"]
[TimeControl "40/5400+30:1800+30"]

1. e4 e5 2. Nf3 Nc6 3. Nc3 Nf6 4. d4 exd4 5. Nxd4 Bc5 6. Be3 Bb6 7. Nf5 {[%emt 0:00:08] Recently 7.Qd2 got a lot of attention. C47: Scotch Four Knights and Four Knights with 4 g3.} O-O 8. Bxb6 (8. Bd3 {looks sharper.} Ba5 9. O-O d6 10. Bg5) 8... axb6 9. Ne3 {[%emt 0:00:09] Prevents d5.} Re8 10. Bd3 b5 {[%emt 0:00:33] [#]} 11. a3 $146 ({Predecessor:} 11. Bxb5 Nxe4 12. Nxe4 Rxe4 13. Bd3 Rea4 14. c3 Qg5 15. O-O d6 16. Bc2 Rh4 17. g3 {1-0 (28) Mitura,V (2240)-Bobak,M Piestany 2005}) 11... b4 12. axb4 Rxa1 13. Qxa1 Nxb4 14. O-O d6 15. Qa4 Nxd3 16. cxd3 Bd7 17. Qc2 c6 18. Qb3 b5 19. Ra1 Qb8 20. Qb4 h5 21. Ra6 Qc7 22. Qa5 (22. h3 {feels hotter.} Qb8 23. Qa5 d5 24. exd5 Nxd5 25. Ncxd5 cxd5 26. Qb4) 22... Qxa5 23. Rxa5 b4 24. Ne2 Rb8 (24... Ng4 $11) 25. Nd4 g6 26. Ra6 c5 27. Ne2 Nxe4 28. dxe4 Bb5 29. Rxd6 Bxe2 $11 {[%emt 0:00:01][%mdl 4096] Endgame KRB-KRN} 30. Rc6 Ra8 31. f4 Ra2 32. Rxc5 Rxb2 33. Nd5 (33. Rc8+ $11 Kg7 34. e5) 33... b3 34. Rc8+ Kg7 {[%emt 0:00:11] ...Rd2 is the strong threat.} 35. Rb8 Bc4 {[%emt 0:00:44] Strongly threatening ...Re2.} 36. Ne3 $2 (36. Rb4 $17 {only move.}) 36... Be6 $2 (36... Bd3 $19 {aiming for ...Re2.} 37. Rb4 Re2 38. Rxb3 Rxe3) 37. f5 $1 gxf5 38. exf5 Bd7 39. Kf1 (39. Rb4 $11 {remains equal.}) 39... Ba4 $1 $17 40. Nd1 (40. Rb4 $17) 40... Rb1 ({Black should play} 40... Rd2 $19 41. f6+ Kh7) 41. Ke2 $11 Bc6 42. g3 Be4 43. Ne3 (43. Rb5 $11) 43... Rb2+ $1 $17 {[%emt 0:12:14] Black keeps a firm grip on the game.} 44. Kd1 Bf3+ 45. Kc1 Rxh2 46. Rxb3 {[%emt 0:00:20] [#]} Rh3 $1 47. Kd2 (47. f6+ $17 {is a better defense.} Kxf6 48. Nc2) 47... Rxg3 $19 48. Ke1 Be4 49. Kf2 $2 (49. Ke2) 49... Rf3+ 50. Kg1 Kf6 51. Rb6+ Kg5 52. Nf1 (52. Nc4 {was the only defense.}) 52... Bxf5 53. Kg2 Ra3 54. Ng3 Ra2+ 55. Kg1 Bg4 {[%emt 0:00:36] And now ...f5 would win.} 56. Rb5+ (56. Ne4+ Kf4 57. Rb4) 56... f5 57. Ne4+ Kf4 58. Nf2 Bf3 {[%emt 0:00:24] ( -> ...Kg3)} 59. Rb1 (59. Rb3 $19) 59... Kg3 60. Nh1+ Kf4 61. Nf2 $1 Ra8 (61... h4 $142 62. Re1 Kg3 63. Nh1+ Kf4 64. Nf2 Rc2 65. Rf1 Kg3 66. Nh1+ Bxh1 67. Kxh1 f4 68. Rg1+ Kh3 69. Rf1 Ra2 70. Rf3+ Kg4 71. Rb3 f3 72. Rb6 Ra1+ 73. Kh2 f2 74. Rg6+ Kh5 75. Rg8 Rb1 76. Rh8+ Kg6 77. Rg8+ Kf7 78. Rd8 f1=Q 79. Rf8+ Kg6 80. Rg8+ Kf6 81. Rf8+ Kg5 82. Rg8+ Kf4 83. Rf8+ Ke3 84. Re8+ Kd2 85. Rd8+ Ke1 86. Re8+ {[#]} Qe2+ $3 87. Rxe2+ Kxe2 88. Kg2 Rb3 89. Kg1 Kf3 90. Kh1 Kg3 91. Kg1 Rb1#) 62. Kh2 Ra2 (62... Ke3 $142 63. Nd1+ Kf4 64. Rb4+ Be4) 63. Kg1 $1 {[%emt 0:01:46][%mdl 32768] Weighted Error Value: White=0.53/Black=0.30. An unexpected result.} 1/2-1/2